 Dungeon Crawl Stone Soup version 0.29-a0-350-g7790a0e70a (webtiles) character file.

Game seed: 3227128798189588882

4 spaghetti the Sneak (level 1, -4/31 HPs)
             Began as a Naga Delver on Apr 23, 2022.
             Slain by an orc
             ... wielding a +0 falchion
              (5 damage)
             ... on level 5 of the Dungeon.
             The game lasted 00:00:12 (153 turns).

spaghetti the Sneak (Naga Delver)                    Turns: 153, Time: 00:00:13

Health: -4/31      AC:  1    Str: 14    XL:     1   Next: 60%
Magic:  1/1        EV:  9    Int: 10    God:
Gold:   12         SH:  0    Dex: 12    Spells: 0/0 levels left

rFire   . . .      SeeInvis +   a - +0 short sword {short}
rCold   . . .      Faith    .   (no shield)
rNeg    . . .      Spirit   .   b - +0 leather armour
rPois   +          Reflect  .   (no helmet)
rElec   .          Harm     .   (no cloak)
rCorr   .          Rampage  .   (no gloves)
Will    .....                   (no barding)
Stlth   ..........              (no amulet)
HPRegen 0.10/turn               (no ring)
MPRegen 0.07/turn               (no ring)

@: berserking (expiring), quick
A: AC +0, large, see invisible, deformed body, poison resistance, slowness 2,
spit poison 1, naga tail 1
a: Spit Poison


You were on level 5 of the Dungeon.
You visited 1 branch of the dungeon, and saw 1 of its levels.

You collected 12 gold pieces.


Innate Abilities, Weirdness & Mutations

Your serpentine skin is tough. (AC +0)
You have supernaturally acute eyesight. (SInv)
Armour fits poorly on your strangely shaped body.
Your system is resistant to poisons. (rPois)
You cover ground very slowly.
You can spit poison.
You have a snake-like lower body.


   Skills:
 - Level 3.0 Fighting
 - Level 2.0 Short Blades
 - Level 1.5 Dodging
 + Level 7.6 Stealth


You couldn't memorise any spells.
You didn't know any spells.
Your spell library was empty.

Inventory:

Hand Weapons
 a - a +0 short sword (weapon) {short}
Armour
 b - a +0 leather armour (worn)
Wands
 g - a wand of digging (3)
Scrolls
 c - a scroll of fog
 d - a scroll of magic mapping {!r}
 e - a scroll of fear
 i - a scroll of teleportation {unknown}
Potions
 f - a potion of haste {@q3}

Dungeon Overview and Level Annotations

Branches:
Dungeon (5/15)
 Temple: D:4-7

Altars:

#####.###
#.####
#.##.## ##
##.#...##
.+
+.......#
##
..##.#...##
......w.##
#.##.##)# #
#.##@#
#..oo#
####o# #.#
#.# ..# ..#
###


You could see an orc wizard (invisible), a dart slug and 2 orcs.


Message History

🤖 Initializing magus.rc ...
Options error: Delay interrupt name "hungry" not recognised. (~/.crawlrc:4761) Options error: Bad monster_list_colour key: strict_neutral (~/.crawlrc:4776) ✅ Successfully initialized magus.rc [v1.9.6] Welcome, spaghetti the Naga Delver.
Below lies the Orb of Zot, rumoured to be powerful enough to resurrect a god...
Press ? for a list of commands and other information.
Found 12 gold pieces.
Found a stone staircase leading down.
You now have 12 gold pieces.
Key pressed, stopping explore.
Key pressed, stopping explore.
You open the door.
Found a stone staircase leading up.
There is an open door here.
You open the door.
There is an open door here.
Found a stone staircase leading down.
Found a stone staircase leading up.
h - a fuming purple potion
i - a scroll labelled QULINOEMAG An orc comes into view.
It is wielding a +0 whip.
The orc shouts!
You hear a shout!
An orc is nearby!
An orc is nearby!
A dart slug and an orc come into view.
The orc moves out of view.
An orc wizard comes into view. It is wielding a +0 dagger.
The orc wizard shouts!
The orc wizard mumbles some strange words.
The orc wizard flickers and vanishes for a moment.
An orc comes into view. It is wielding a +0 club.
The orc shouts! x2
You hit the orc but do no damage.
The orc hits you with a +0 whip. 😕 HP[-5]
You take 5 damage, and now have 16/21 hp.
MASSIVE DAMAGE!! (PAUSE) It was a potion of berserk rage.
A red film seems to cover your vision as you go berserk!
You feel yourself moving faster!
You feel mighty! The orc barely misses you.
An orc comes into view. It is wielding a +0 falchion. 😕 HP[+8]
You now have 31 max hp (+10).
You regained 8 hp, and now have 24/31 hp.
The orc shouts!
You puncture the orc!
You kill the orc!
Things that are here:
a +0 whip {mace}; a +0 leather armour You closely miss the orc.
You barely miss the orc.
The orc hits you with a +0 short sword. 😮 HP[-6]
You take 6 damage, and now have 18/31 hp.
You barely miss the orc.
The orc hits you with a +0 short sword. 😮 HP[-1]
You take 1 damage, and now have 17/31 hp.
You puncture the orc!
You kill the orc!
The orc wizard hits you with a +0 dagger.
* * * LOW HITPOINT WARNING * * *
Things that are here:
a +0 short sword {short}; an orc corpse; 😨 HP[-3]
You take 3 damage, and now have 14/31 hp.
You closely miss the orc wizard.
The orc wizard hits you with a +0 dagger.
* * * LOW HITPOINT WARNING * * *
😨 HP[-2]
You take 2 damage, and now have 12/31 hp.
You hit the orc wizard.
The orc wizard hits you with a +0 dagger.
* * * LOW HITPOINT WARNING * * *
The orc closely misses you. 😨 HP[-3]
You take 3 damage, and now have 9/31 hp.
You closely miss the orc wizard. You closely miss the orc wizard.
The orc hits you with a +0 falchion.
* * * LOW HITPOINT WARNING * * *
The orc wizard hits you with a +0 dagger.
* * * LOW HITPOINT WARNING * * *
😨 HP[-1]
You take 1 damage, and now have 8/31 hp.
You closely miss the orc wizard. The orc wizard barely misses you.
The dart slug launches a dart at you. The slug dart misses you.
The orc hits you with a +0 falchion!
* * * LOW HITPOINT WARNING * * *
😱 HP[-7]
You take 7 damage, and now have 1/31 hp.
MASSIVE DAMAGE!! (PAUSE)
You hit the orc wizard. You hit the orc wizard.
The orc hits you with a +0 falchion.
You die...

Action                   || total
-------------------------++-------
Melee: Short sword       ||    13
  Use: Potion            ||     1
Dodge: Dodged            ||     4

Levels and vault maps discovered:
D:5:      layout_loops_corners

Notes
Turn   | Place    | Note
-------+----------+-------------------------------------------
     0 | D:5      | spaghetti the Naga Delver began the quest for the Orb.
     0 | D:5      | Reached XP level 1. HP: 21/21 MP: 1/1
     0 | D:5      | magus.rc [v1.9.6]
   137 | D:5      | Noticed an orc wizard
   151 | D:5      | HP: 1/31 [orc/+0 falchion (7)]
   153 | D:5      | Slain by an orc

Vanquished Creatures
  2 orcs (D:5)
2 creatures vanquished.

Table legend:
 A = Non-vault XP
 B = Vault XP
 C = Vault XP percentage of total XP
 D = Non-vault monster count
 E = Vault monster count
 F = Vault count percentage of total count
                 A         B        C        D         E       F
            +---------+---------+-------+---------+---------+-------
      Total |       6 |       0 |   0.0 |       2 |       0 |   0.0
            +---------+---------+-------+---------+---------+-------
        D:5 |       6 |       0 |   0.0 |       2 |       0 |   0.0
            +---------+---------+-------+---------+---------+-------

Illustrated notes

Table legend:
 A = Kills in this place as a percentage of kills in entire the game.
 B = Kills by you in this place as a percentage of kills by you in the entire game.
 C = Kills by friends in this place as a percentage of kills by friends in the entire game.
 D = Other kills in this place as a percentage of other kills in the entire game.
 E = Experience gained in this place as a percentage of experience gained in the entire game.
 F = Experience gained in this place divided by the number of levels of this place that you have seen.
                   A       B       C       D       E      F
               +-------+-------+-------+-------+-------+----------------------
         Total | 100.0 | 100.0 |   N/A |   N/A | 100.0 |   6.0
       Dungeon | 100.0 | 100.0 |   N/A |   N/A | 100.0 |   6.0
               +-------+-------+-------+-------+-------+----------------------

Table legend: (Time is in decaauts)
 A = Elapsed time spent in this place.
 B = Non-inter-level travel time spent in this place.
 C = Inter-level travel time spent in this place.
 D = Time resting spent in this place.
 E = Time spent auto-exploring this place.
 F = Levels seen in this place.
 G = Mean time per level.
                   A        B        C        D        E       F      G
               +--------+--------+--------+--------+--------+-----+--------+
         Total |    202 |    202 |      0 |      0 |    182 |   1 |  202.0 |
       Dungeon |    202 |    202 |      0 |      0 |    182 |   1 |  202.0 |
               +--------+--------+--------+--------+--------+-----+--------+

Top non-repeatable levels by time:
     D:5: 202 daAuts
